 Dungeon Crawl Stone Soup version 0.29.1-4-g47bece8355 (webtiles) character file.

Game seed: 18196432650835030330

11706 javelincjr the Eclecticist (level 11, 0/51 HPs)
             Began as a Spriggan Conjurer on Dec 7, 2022.
             Was a Believer of Sif Muna.
             Killed from afar by a fire dragon (51 damage)
             ... with a blast of flame
             ... on level 1 of the Lair of Beasts.
             The game lasted 01:59:19 (14932 turns).

javelincjr the Eclecticist (Spriggan Conjurer)     Turns: 14932, Time: 01:59:20

Health: 0/51       AC:  4    Str:  2    XL:     11   Next: 52%
Magic:  24/31      EV: 17    Int: 28    God:    Sif Muna [**....]
Gold:   521        SH:  0    Dex: 13    Spells: 24/40 levels left

rFire   . . .      SeeInvis +   v - staff of conjuration
rCold   . . .      Faith    .   (shield currently unavailable)
rNeg    . . .      Spirit   .   O - +0 troll leather armour
rPois   .          Reflect  .   (helmet restricted)
rElec   .          Harm     .   (no cloak)
rCorr   .          Rampage  .   (gloves unavailable)
Will    ++...      Clarity  +   (boots unavailable)
Stlth   +++.......              t - amulet of regeneration
HPRegen 1.77/turn               j - ring of willpower
MPRegen 0.22/turn               q - ring of wizardry

@: studying Throwing, very quick
A: very small, no large weapons, unfitting armour, see invisible, speed 3, fangs
1, clarity, clever 1
a: Renounce Religion, Channel Magic


You were on level 1 of the Lair of Beasts.
You worshipped Sif Muna.
Sif Muna was pleased with you.
You visited 3 branches of the dungeon, and saw 12 of its levels.
You also visited: Ossuary.

You collected 521 gold pieces.

Inventory:

Hand Weapons
 c - a +1 hand axe of freezing
 e - a +5 vorpal dagger
 p - a +0 sling
 s - a +2 falchion of flaming
 w - a +5 sling of flaming
 E - a +2 mace of holy wrath
 J - a +3 short sword of draining
 M - a +2 rapier of electrocution
 N - a +4 short sword
 P - the +6 flail "Juwofaoj" {freeze, rN+ Str+4 Int+4}
   (You found it on level 1 of the Lair of Beasts)

   It freezes those it strikes, dealing additional cold damage.
   It can also slow down cold-blooded creatures.
   Str:       It affects your strength (+4).
   Int:       It affects your intelligence (+4).
   rN:        It protects you from negative energy.
Missiles
 f - a throwing net
 B - 6 datura-tipped darts
 G - 10 boomerangs (quivered)
 K - 41 poisoned darts
Armour
 a - a +0 robe
 O - a +0 troll leather armour (worn)
Magical Staves
 h - a staff of poison
 v - a staff of conjuration (weapon)
 y - a staff of death
 L - a staff of poison
Jewellery
 j - a ring of willpower (left hand)
 k - a ring of protection from fire
 q - a ring of wizardry (right hand)
 t - an amulet of regeneration (around neck)
 F - a ring of fire
Wands
 d - a wand of paralysis (16)
 i - a wand of flame (44)
 n - a wand of mindburst (18)
 x - a wand of iceblast (33)
 R - a wand of polymorph (7)
Scrolls
 g - 4 scrolls of teleportation
 m - 2 scrolls of fear
 r - 8 scrolls of identify
 u - a scroll of amnesia
 C - 2 scrolls of poison
 D - 2 scrolls of blinking
 I - 2 scrolls of magic mapping
Potions
 b - 2 potions of magic
 l - 2 potions of flight
 o - 2 potions of cancellation
 z - 8 potions of curing
 A - a potion of heal wounds
 H - a potion of haste
 Q - a potion of mutation


   Skills:
 + Level 2.4 Fighting
 + Level 5.0 Short Blades
 + Level 1.3 Armour
 + Level 7.1 Dodging
 + Level 7.5 Stealth
 * Level 15.4 Spellcasting
 + Level 7.0 Conjurations
 - Level 1.7 Hexes
 * Level 3.5 Fire Magic


You had 24 spell levels left.
You knew the following spells:

 Your Spells              Type           Power      Damage    Failure   Level
a - Magic Dart            Conj           100%       1d8       1%          1
b - Searing Ray           Conj           100%       2d8       1%          2
c - Fulminant Prism       Conj/Hex       31%        3d16      3%          4
d - Fireball              Conj/Fire      33%        3d14      6%          5
e - Iskenderun's Mystic   Conj/Tloc      58%        2d12      4%          4

Your spell library contained the following spells:

 Spells                   Type           Power      Damage    Failure   Level
 Dazzling Flash           Conj/Hex       100%       N/A       1%          3
 Sublimation of Blood     Necr           21%        N/A       3%          2
 Wereblood                Tmut           21%        N/A       3%          2
 Portal Projectile        Hex/Tloc       52%        N/A       4%          3
 Summon Guardian Golem    Hex/Summ       26%        N/A       4%          3
 Call Canine Familiar     Summ           21%        N/A       6%          3
 Gell's Gravitas          Tloc           21%        N/A       6%          3
 Lesser Beckoning         Tloc           21%        N/A       6%          3
 Teleport Other           Tloc           21%        N/A       6%          3
 Irradiate                Conj/Tmut      29%        3d21      13%         5
 Leda's Liquefaction      Hex/Erth       13%        N/A       14%         4
 Petrify                  Tmut/Erth      21%        N/A       21%         4
 Starburst                Conj/Fire      33%        6d10      32%         6
 Orb of Destruction       Conj           37%        9d11      65%         7
 Dispersal                Tloc           10%        N/A       95%         6
 Spellforged Servitor     Conj/Summ      29%        N/A       98%         7
 Summon Hydra             Summ           10%        N/A       100%        7
 Ignition                 Fire           20%        3d7       100%        8


Dungeon Overview and Level Annotations

Branches:
Dungeon (10/15)            Temple (1/1) D:7            Lair (1/5) D:9
Ossuary (visited)
    Orc: D:9-12

Altars:
Ashenzari
Cheibriados
Dithmenos
Elyvilon
Fedhas
Gozag
Hepliaklqana
Kikubaaqudgha
Makhleb
Nemelex Xobeh
Okawaru
Qazlal
Ru
Sif Muna
Trog
Uskayaw
Vehumet
Wu Jian
Xom
Yredelemnul
Zin
The Shining One

Shops:
D:4 =   D:6 (

Annotations:
D:2 Sigmund
D:7 2 transporters, sanboga's ghost, novice TrMo


Innate Abilities, Weirdness & Mutations

You are very small and have problems with some larger weapons.
You are too small for most types of armour.
You have supernaturally acute eyesight. (SInv)
You cover ground extremely quickly. (Speed+++)
You have very sharp teeth.
You possess an exceptional clarity of mind.
Your mind is acute. (Int +4, Str/Dex -1)


Message History

You feel a surge of power!
You conjure a prism of explosive energy!
A fulminant prism comes into view.
Your fulminant prism crackles loudly.
Something bites your fulminant prism! Something claws your fulminant prism.
Your fulminant prism explodes!
Casting: Fulminant Prism (dangerous; 3% risk of failure)
Confirm with . or Enter, or press ? or * to list all spells.
Aiming: Fulminant Prism (dangerous; 3% risk of failure)
Press: ? - help, Dir - move target You feel a surge of power!
You conjure a prism of explosive energy!
A fulminant prism comes into view.
Your fulminant prism crackles loudly.
Your fulminant prism explodes!
You start resting.
Magic restored.
The fire dragon roars deafeningly!
Casting: Fulminant Prism (dangerous; 3% risk of failure)
Confirm with . or Enter, or press ? or * to list all spells.
Aiming: Fulminant Prism (dangerous; 3% risk of failure)
Press: ? - help, Dir - move target You feel a surge of power!
You conjure a prism of explosive energy!
A fulminant prism comes into view.
Your fulminant prism crackles loudly.
Your fulminant prism explodes!
The blast of energy engulfs the fire dragon!
The fire dragon is lightly wounded.
Casting: Fulminant Prism (dangerous; 3% risk of failure)
Confirm with . or Enter, or press ? or * to list all spells.
Aiming: Fulminant Prism (dangerous; 3% risk of failure)
Press: ? - help, Dir - move target You feel a surge of power!
You conjure a prism of explosive energy!
A fulminant prism comes into view.
The fire dragon breathes flames at you. The blast of flame hits you!!!
Ouch! That really hurt!
You die...

#########..#...
###....##....#...
#...##.####.#....
#.####.##........
#.# #.....##....
#.# ####### ....
##.# ... #..# ...
#@## .. #.# ..
##.# #..# ##*.##
##..D.## #......#
##......#
#.......##


You could see a fire dragon (catching breath, ally target) and a friendly
fulminant prism.

Vanquished Creatures
  A hydra (D:8)
  The ghost of Curlz the Slasher, a novice HuCA of Ignis (D:6)
  The ghost of LustLizard the Insei, a novice OpTm of Gozag (D:6)
  Joseph (D:9)
  A cane toad (Lair:1)
  A merfolk (D:9)
  A polar bear (Lair:1)
  2 trolls (D:9)
  3 blink frogs (Lair:1)
  2 dream sheep (D:8)
  A shadow (D:9)
  5 wyverns (D:9)
  9 yaks
  A wraith (D:9)
  5 fire bats (Lair:1)
  2 steam dragons
  5 water moccasins
  6 orc warriors
  3 black bears
  2 ice beasts
  3 ogres
  2 centaurs
  A phantom (D:4)
  2 bullfrogs
  5 kobold brigands
  A gnoll sergeant (D:5)
  9 scorpions
  3 necrophages
  3 wights (D:9)
  A howler monkey (D:9)
  4 centaur zombies (Ossuary)
  4 hounds
  A jelly (D:5)
  A human zombie (Ossuary)
  6 orc priests
  4 iguanas
  8 orc wizards
  2 scorpion zombies (Ossuary)
  3 mummies (Ossuary)
  Robin (D:3)
  5 gnolls
  6 adders
  A shadow imp (D:8)
  3 white imps
  3 ufetubi
  5 dart slugs
  61 orcs
  5 ball pythons
  6 bats
  6 endoplasms
  4 giant cockroaches
  5 gnoll zombies (Ossuary)
  6 hobgoblins
  4 jackals (D:3)
  12 kobolds
  7 quokkas
  2 frilled lizards (D:1)
  15 goblins
  3 goblin zombies (Ossuary)
  3 hobgoblin zombies (Ossuary)
  A kobold zombie (Ossuary)
  4 rats
  A fulminant prism (D:9)
285 creatures vanquished.

Vanquished Creatures (others)
  A bat zombie (D:8)
  2 bushes (D:9)
  71 fulminant prisms
  8 fungi
  34 plants
  6 withered plants (D:6)
122 creatures vanquished.

Grand Total: 407 creatures vanquished

Notes
Turn   | Place    | Note
-------+----------+-------------------------------------------
     0 | D:1      | javelincjr the Spriggan Conjurer began the quest for the
                  | Orb.
     0 | D:1      | Reached XP level 1. HP: 9/9 MP: 5/5
    91 | D:2      | Noticed Sigmund
   364 | D:1      | Reached XP level 2. HP: 13/13 MP: 4/6
  1376 | D:2      | Found a faded altar of an unknown god.
  1492 | D:2      | Reached skill level 3 in Spellcasting
  1796 | D:2      | Learned a level 2 spell: Searing Ray
  2018 | D:2      | Reached XP level 3. HP: 16/16 MP: 5/8
  2508 | D:3      | Noticed Robin
  2718 | D:3      | Killed Robin
  2719 | D:3      | Reached skill level 1 in Short Blades
  2793 | D:3      | Reached XP level 4. HP: 21/21 MP: 6/10
  3014 | D:4      | Noticed an ice beast
  3212 | D:3      | Found a blossoming altar of Fedhas.
  3382 | D:5      | Entered Level 5 of the Dungeon
  3561 | D:4      | Reached skill level 4 in Spellcasting
  3561 | D:4      | Reached XP level 5. HP: 24/24 MP: 1/12
  3993 | D:4      | Noticed a black bear
  4009 | D:4      | Killed a black bear
  4010 | D:4      | Reached skill level 5 in Spellcasting
  4010 | D:4      | Reached XP level 6. HP: 29/29 MP: 3/14
  4565 | D:4      | Found Ceiczig's Jewellery Boutique.
  4760 | D:4      | Reached skill level 6 in Spellcasting
  4760 | D:4      | Reached XP level 7. HP: 28/32 MP: 11/17
  5537 | D:5      | Reached skill level 1 in Fighting
  5852 | D:5      | Reached skill level 7 in Spellcasting
  5965 | D:5      | Reached skill level 5 in Stealth
  6034 | D:5      | Reached XP level 8. HP: 37/37 MP: 11/20
  6684 | D:6      | Found a runed translucent gate.
  6684 | D:6      | Found a runed translucent gate.
  6685 | D:6      | Found a runed translucent gate.
  6688 | D:6      | Noticed Curlz's ghost (novice HuCA)
  6688 | D:6      | Noticed LustLizard's ghost (novice OpTm)
  6750 | D:6      | Reached skill level 8 in Spellcasting
  6851 | D:7      | Found a sacrificial altar of Ru.
  6951 | D:7      | Found a sand-covered staircase.
  6962 | Ossuary  | Entered an ossuary
  7251 | Ossuary  | Reached skill level 5 in Dodging
  7267 | Ossuary  | Reached skill level 9 in Spellcasting
  7530 | Ossuary  | Reached skill level 5 in Conjurations
  7872 | D:7      | Reached XP level 9. HP: 39/42 MP: 18/23
  7921 | D:6      | Gained mutation: You have very sharp teeth. [potion of
                  | mutation]
  7921 | D:6      | Gained mutation: Your mind is acute. (Int +4, Str/Dex -1)
                  | [potion of mutation]
  7921 | D:6      | Gained mutation: You possess an exceptional clarity of
                  | mind. [potion of mutation]
  8206 | D:6      | Reached skill level 10 in Spellcasting
  8683 | D:6      | Found Xypeoc's Antique Weapon Shoppe.
  8765 | D:6      | Learned a level 4 spell: Fulminant Prism
  8824 | D:6      | Killed Curlz's ghost
  8928 | D:6      | Killed LustLizard's ghost
  8929 | D:6      | Reached skill level 5 in Short Blades
  8929 | D:6      | Reached skill level 11 in Spellcasting
  9229 | D:7      | Found a transporter.
  9233 | D:7      | Found a transporter.
  9375 | D:7      | Noticed sanboga's ghost (novice TrMo)
  9410 | D:7      | Found a staircase to the Ecumenical Temple.
  9419 | Temple   | Entered the Ecumenical Temple
  9435 | Temple   | Became a worshipper of Sif Muna the Loreminder
  9580 | D:7      | Found a stormy altar of Qazlal.
  9741 | D:7      | HP: 1/43 [centaur/arrow (13)]
 10982 | D:8      | Noticed a two-headed hydra
 10983 | D:8      | Reached XP level 10. HP: 47/47 MP: 12/26
 11342 | D:8      | Reached skill level 12 in Spellcasting
 11440 | D:8      | Killed a two-headed hydra
 11441 | D:8      | Reached skill level 1 in Hexes
 11641 | D:8      | Learned a level 5 spell: Fireball
 11690 | D:8      | Found an ancient bone altar of Kikubaaqudgha.
 11988 | D:9      | Reached skill level 13 in Spellcasting
 11990 | D:9      | Noticed Joseph
 12060 | D:9      | Killed Joseph
 12121 | D:9      | Reached skill level 1 in Fire Magic
 12149 | D:9      | Reached * piety under Sif Muna
 12342 | D:10     | Entered Level 10 of the Dungeon
 12881 | D:9      | Reached skill level 14 in Spellcasting
 13012 | D:9      | Reached XP level 11. HP: 51/51 MP: 14/30
 13441 | D:9      | Reached ** piety under Sif Muna
 13558 | D:9      | Found a staircase to the Lair.
 13581 | D:9      | Learned a level 4 spell: Iskenderun's Mystic Blast
 14188 | Lair:1   | Entered Level 1 of the Lair of Beasts
 14272 | Lair:1   | Identified the +6 flail "Juwofaoj" {freeze, rN+ Str+4
                  | Int+4}
 14325 | Lair:1   | Reached skill level 15 in Spellcasting
 14746 | Lair:1   | Noticed a fire dragon
 14767 | Lair:1   | Reached skill level 1 in Armour
 14932 | Lair:1   | Killed from afar by a fire dragon

Illustrated notes

Levels and vault maps discovered:
D:1:      sevenhm_arrival_forest_fort_small_3, layout_basic, amethyst_killhole,
          minmay_misc_feat_tower
D:2:      layout_loops_corners, dreamdust_ecumenical_altar_statues, uniq_sigmund
D:3:      layout_basic, fedhas_altar_1, uniq_robin
D:4:      minmay_octagon_keep, layout_basic, serial_shops, shop_fountains
D:5:      layout_loops_ring
D:6:      layout_cave_pods, serial_shops, shop_fountains,
          gammafunk_ghost_cemetery
D:7:      layout_loops_ring, grunt_qazlal_sundering,
          lemuel_coloured_pillars_altar, minmay_temple_entry_statues_pillars,
          lightli_ossuary_entry_decrepit_ruins, gammafunk_ghost_hive,
          minmay_hedge_maze, minivault_22, dreamdust_mushroom_princess
D:8:      layout_loops_ring, lemuel_zombie_altar_kikubaaqudgha, hangedman_ranch
D:9:      layout_long_grid, minmay_lair_entry_grove, special_room
          [special_room_orc], minmay_misc_feat_enclosed, hangedman_fish_farm,
          uniq_joseph
D:10:     layout_big_octagon, minivault_22, serial_bayou_crossing, uniq_urug
Temple:   regret_index_temple_mists
Lair:1:   dragon1_lemuel, layout_gridlike, serial_bayou_lake_a

Skill      XL: |  1  2  3  4  5  6  7  8  9 10 11 |
---------------+----------------------------------+-----
Conjurations   | 3 4 5 6 7 |  7.0
Spellcasting   | 3 4 5 6 7 9 11 14 15 | 15.4
Short Blades   | 1 2 3 4 5 |  5.0
Dodging        | 3 4 5 7 |  7.1
Stealth        | 4 5 7 |  7.5
Fighting       | 1 2 |  2.4
Hexes          | 1 |  1.7
Fire Magic     | 2 3 |  3.5
Armour         | 1 |  1.3

Action                   |  1- 3 |  4- 6 |  7- 9 | 10-12 || total
-------------------------+-------+-------+-------+-------++-------
Melee: Dagger            |    60 |    31 |    61 |       ||   152
       Punch             |       |       |     1 |       ||     1
       Staff             |       |       |    22 |     9 ||    31
       Bite              |       |       |     8 |     1 ||     9
Throw: Boomerang         |       |       |       |     1 ||     1
 Cast: Magic Dart        |    45 |    41 |    94 |    85 ||   265
       Searing Ray       |     3 |    17 |    63 |    35 ||   118
       Fulminant Prism   |       |       |    12 |    61 ||    73
       Fireball          |       |       |       |    13 ||    13
  Use: Scroll            |     5 |     3 |    12 |     1 ||    21
       Potion            |       |     1 |     7 |       ||     8
 Stab: Sleeping          |     3 |     1 |     2 |       ||     6
Armor: Robe              |    10 |       |     8 |     1 ||    19
       Troll leather arm |       |       |       |     3 ||     3
Dodge: Dodged            |    42 |    21 |    89 |    49 ||   201
